Unix NetHack Version 3.7.0-88 Work-in-progress - last build Aug 21 2023 04:08:40 (b68ccb3e4f8f5dcb83e1e40b1ff56e7dffd4cd28,branch:master). Game began 2023-08-26 23:29:19, ended 2023-08-27 10:25:02. Arasaka, neutral female human Monk ------ --- ------- --.......----- ---..<| |.....| |..--.........|---.....| |.._..| |..|---------.|....|..- ---- --- |.....| ---- ----.....-|.- --..| ------.+ ---|--- ----- ---|......... ....-+---......| |.| --...----..|....|.-- ... --........----.| |.| ----.....|....|..----- --- -.......--..-.| --.---.............|..| ------ ...{...| ..|[| -----...........---......- |!!%%| .....[- |.| --...........|...|........| |.... --------- -....------|.|-......---...-------....------ -|- |.......| ------ ........|..--.|...---..|..%- --...|-...---.-- -----.-.| |(((.|-....--..|.....|...*-|..%..-- ---..|.........-|. ...|.| |@((@-(...|....|...........--..-----+---|-...............-. ...|.| |@h...-...|...-........G...---.............----....{.....----- -------|--.| ------|........|..--.........|--------.--+-- --..............| |....|.....--------|....|. ------.......-- |((!.|.| |.........-----+- ||-..-..{...|......--...| ---...--- |(((.-.| -------..-- |(|%.|........----.....-- ---- |.(..|-- ---- -------------- ------ ------ Arasaka the Initiate St:25 Dx:15 Co:13 In:12 Wi:12 Ch:11 Neutral Dlvl:7 $:2068 HP:0(40) Pw:44(46) AC:3 Xp:7/1154 T:4204 Hungry Latest messages: The door opens. Eed-morra senses your presence. "Invisible customers are not welcome!" What do you want to take off? [bRST or ?*] You were wearing an uncursed +1 robe. What do you want to wear? [bk or ?*] You can no longer see through yourself! You are now wearing a mummy wrapping. "Hello, Arasaka! Welcome to Eed-morra's hardware store!" "Will you please leave your pick-axe outside?" What do you want to drop? [$a-fh-kq-suvyzBGR-TZ or ?*] You drop a lamp called oil. q - a lamp called oil. What do you want to drop? [$a-fh-kq-suvyzBGR-TZ or ?*] You drop a pick-axe. "Hello, Arasaka! Welcome again to Eed-morra's hardware store!" You see here a towel (for sale, 50 zorkmids). "For you, good lady; only 50 zorkmids for this towel." t - a towel (unpaid, 50 zorkmids). You see here a large box (for sale, 85 zorkmids). You see here a bag (for sale, 500 zorkmids). The golden potion will cost you 400 zorkmids. w - a golden potion (unpaid, 400 zorkmids). What do you want to drop? [$a-fh-kqrt-wyzBGR-TZ or ?*] You drop a golden potion (unpaid, 400 zorkmids). "For you, esteemed lady; only 100 zorkmids for this bag." x - an empty bag (unpaid, 100 zorkmids). What do you want to call? [aceqruxy or ?*] Itemized billing? [ynq] (q) You bought a towel for 50 gold pieces. You bought an empty bag called oil/BoH for 100 gold pieces. "Thank you for shopping in Eed-morra's hardware store!" You hear crashing rock. The dwarf lord throws a dagger! You are hit by a dagger. You see here a blindfold (for sale, 20 zorkmids). You see here a blindfold (for sale, 20 zorkmids). The dwarf lord swings his pick-axe. The dwarf lord hits! The dwarf lord swings his pick-axe. The dwarf lord hits again! You stop. The watchman is in the way! You see here a large box (for sale, 85 zorkmids). You fail to cast the spell correctly. The dwarf lord swings his pick-axe. The dwarf lord hits! The dwarf lord swings his pick-axe. The dwarf lord hits again! You die... Eed-morra gratefully inherits all your possessions. Inventory: Coins ('$') $ - 2068 gold pieces Armor ('[') R - an uncursed +0 dwarvish iron helm (being worn) S - a blessed +1 pair of gauntlets of power (being worn) T - a blessed +1 pair of iron shoes (being worn) k - an uncursed +0 mummy wrapping (being worn) b - an uncursed +1 robe Comestibles ('%') d - an uncursed food ration f - 2 uncursed food rations i - 3 uncursed fortune cookies h - an uncursed lembas wafer v - 3 uncursed tripe rations G - an uncursed tripe ration Scrolls ('?') e - 2 uncursed scrolls of confuse monster c - an uncursed scroll of magic mapping Spellbooks ('+') a - an uncursed spellbook of clairvoyance Potions ('!') y - 2 uncursed potions of paralysis Wands ('/') z - an uncursed wand of digging (0:6) B - an uncursed wand of digging (0:4) Tools ('(') x - an empty uncursed bag of holding j - an uncursed bag of tricks (0:18) q - an uncursed oil lamp r - an uncursed oil lamp u - an uncursed skeleton key t - an uncursed towel Gems/Stones ('*') Z - 9 uncursed rocks Arasaka the Monk's attributes: Background: You were an Initiate, a level 7 female human Monk. You were neutral, on a mission for Chih Sung-tzu who was opposed by Shan Lai Ching (lawful) and Huan Ti (chaotic). You were in the Gnomish Mines, on level 7. You entered the dungeon 4204 turns ago. You had 1154 experience points, 126 more were needed to attain level 8. Basics: You had 0 out of 40 hit points. You had 44 out of 46 energy points (spell power). Your armor class was 3. Your wallet contained 2068 zorkmids. Autopickup was on, but temporarily disabled while inside the shop. Final Characteristics: Your strength was 25 (base:16, innate limit:18/100). Your dexterity was 15 (limit:18). Your constitution was 13 (limit:18). Your intelligence was 12 (limit:18). Your wisdom was 12 (limit:18). Your charisma was 11 (limit:18). Final Status: You were hungry. You were unencumbered. You were empty handed. You were skilled in martial arts. Final Attributes: You were piously aligned. You were fire resistant. You were sleep resistant. You were poison resistant. You saw invisible. You were telepathic. You were warned. You were visible. You were stealthy. You were warded. You were fast. You are dead. Miscellaneous: You disabled loading of bones levels. Total elapsed playing time was 29 minutes and 57 seconds. Major events: Turn 1: Arasaka the neutral female human Monk entered the dungeon 502: entered the Gnomish Mines 803: attained the rank of Novice (level 3) 2091: performed her first genocide (class n) 2570: attained the rank of Initiate (level 6) 3477: reached Mine Town 4204: killed by a dwarf lord Vanquished creatures: a tengu a gnome ruler a raven a gnome mummy 4 fire ants a rock piercer 2 rock moles 2 fog clouds a shrieker 6 gnome leaders 2 gnomish wizards a giant ant a little dog 2 floating eyes 9 dwarves a homunculus 12 hill orcs 2 rothes a centipede a giant bat a werejackal 3 iguanas an acid blob 2 coyotes a cave spider 2 yellow molds a green mold 30 gnomes 6 garter snakes a gecko 5 jackals 2 goblins 3 sewer rats 5 grid bugs a bat 3 lichens a kobold zombie 7 newts 127 creatures vanquished. Genocided species: wood nymphs water nymphs mountain nymphs 3 species genocided. Voluntary challenges: You read items or engraved 6 times. You never engraved Elbereth. You genocided 3 types of monsters. You never polymorphed an object. You never changed form. You used no wishes. Achievements: You entered the Gnomish Mines. You attained the rank of Novice. You attained the rank of Initiate. You entered Minetown. You entered a shop. You entered a temple. The Dungeons of Doom: levels 1 to 6 Level 1: A fountain. Level 2: Level 3: "v" Some fountains. Stairs down to The Gnomish Mines. Level 4: An altar to Chih Sung-tzu, a fountain. Level 5: A fountain. Level 6: The Gnomish Mines: levels 4 to 7 Level 4: Level 5: Level 6: Level 7: <- You were here. Many shops, a temple, many fountains. Final resting place for you, killed by a dwarf lord. Game over: ---------- / \ / REST \ / IN \ / PEACE \ / \ | Arasaka | | 2068 Au | | killed by a | | dwarf lord | | | | | | 2023 | *| * * * | * _________)/\\_//(\/(/\)/\//\/|_)_______ Goodbye Arasaka the Monk... You died in The Gnomish Mines on dungeon level 7 with 6788 points, and 2068 pieces of gold, after 4204 moves. You were level 7 with a maximum of 40 hit points when you died.